Map: Interloper LE

Players

Sunlily

  • Race: Zerg Zerg
  • League: Diamond
  • Spawn Location: 5:00

Narloki - Winner!

  • Race: Protoss Protoss
  • League: Diamond
  • Spawn Location: 11:00

VOD

Have the link to the VOD?

Description

Time

  • Played on: Sept. 26, 2017, 8:15 p.m.
  • Length: 15:08
Show
View Real Time Build Order
Export as new Build Order

Sunlily Zerg 

Build Orders: Hatch First 

Get SALT Encoding   

  12  0:01  Drone  
  13  0:09  Drone  
  14  0:20  Extractor, Drone  
  14  0:21  Extractor  
  14  0:22  Drone  
  14  0:27  Overlord  
  16  0:45  Drone x2  
  18  0:59  Hatchery  
  17  1:04  Drone  
  18  1:11  Extractor  
  17  1:20  Spawning Pool  
  17  1:22  Drone  
  17  1:27  Drone  
  18  1:33  Drone  
  19  1:41  Overlord  
  19  1:49  Drone  
  20  2:02  Overlord  
  20  2:09  Queen  
  20  2:12  Queen  
  24  2:17  Metabolic Boost  
  24  2:22  Drone  
  25  2:24  Drone  
  26  2:30  Drone x2  
  26  2:34  Drone  
  29  2:37  Drone  
  29  2:43  Drone  
  30  3:01  Drone  
  30  3:03  Drone  
  32  3:13  Zergling x6  
  32  3:18  Overlord  
  35  3:21  Overlord  
  35  3:27  Drone x3  
  35  3:28  Drone x3  
  41  3:34  Overlord  
  41  3:42  Pneumatized Carapace  
  41  3:44  Drone x2  
  43  3:50  Hatchery  
  42  3:57  Drone  
  42  3:58  Drone x4, Evolution Chamber  
  46  4:07  Overlord  
  46  4:09  Drone x4  
  50  4:12  Spore Crawler  
  49  4:17  Spore Crawler  
  49  4:19  Queen  
  50  4:28  Drone x3  
  50  4:29  Drone x2  
  55  4:36  Extractor  
  54  4:41  Drone x4  
  54  4:42  Drone  
  59  4:48  Lair  
  59  4:50  Roach Warren  
  58  4:55  Drone x2  
  58  4:59  Overlord  
  59  5:03  Drone  
  59  5:04  Drone x6  
  66  5:10  Spore Crawler  
  66  5:11  Queen  
  66  5:21  Zerg Missile Weapons Level 1  
  66  5:25  Extractor, Evolution Chamber  
  63  5:29  Roach  
  63  5:30  Roach x3  
  71  5:40  Roach  
  71  5:41  Roach  
  75  5:45  Glial Reconstitution  
  75  5:53  Roach x2  
  79  6:06  Zerg Melee Weapons Level 1  
  79  6:09  Overseer  
  79  6:12  Drone x5  
  84  6:19  Drone x2  
  84  6:23  Queen  
  84  6:24  Baneling Nest  
  87  6:26  Drone x3  
  87  6:28  Overlord  
  87  6:29  Extractor x2, Overlord x3  
  88  6:43  Hatchery  
  83  6:49  Drone x9  
  91  6:57  Drone  
  91  6:58  Drone x2  
  94  7:06  Extractor  
  93  7:13  Drone x10  
  103  7:22  Centrifical Hooks  
  103  7:33  Roach x7  
  117  7:46  Roach x2  
  117  7:47  Overlord  
  117  7:48  Overlord x4  
  121  7:58  Ravager x5  
  122  7:59  Ravager x2  
  122  8:03  Overlord x5  
  122  8:05  Queen  
  128  8:11  Roach  
  128  8:12  Roach x3  
  134  8:16  Roach  
  114  8:22  Roach x4  
  115  8:29  Roach  
  115  8:30  Roach  
  113  8:37  Roach x5  
  113  8:40  Spine Crawler  
  118  8:42  Spine Crawler  
  118  8:44  Roach x5  
  112  8:48  Roach  
  112  8:55  Extractor, Roach  
  104  8:56  Roach  
  104  8:57  Extractor  
  101  9:03  Ravager  
  101  9:04  Ravager, Roach  
  101  9:05  Roach x3  
  101  9:08  Queen x3  
  117  9:14  Spine Crawler  
  117  9:15  Roach x4  
  119  9:18  Spine Crawler  
  119  9:19  Spine Crawler x2  
  113  9:25  Roach  
  113  9:27  Roach  
  113  9:28  Roach x5  
  125  9:35  Roach  
  125  9:41  Roach x5  
  131  9:49  Ravager  
  131  9:50  Ravager x2  
  131  9:51  Roach  
  131  9:52  Roach x3  
  136  9:57  Roach  
  136  9:58  Roach x2  
  130  10:08  Roach  
  130  10:09  Roach x3  
  128  10:17  Roach  
  128  10:18  Roach  
  127  10:26  Zergling x2  
  127  10:27  Zergling x4  
  128  10:32  Hatchery  
  121  10:38  Lair  
  121  10:43  Zergling x4  
  121  10:44  Zergling x2  
  124  10:53  Baneling x6  
  124  10:54  Zergling x2  
  124  10:55  Zergling x6  
  128  11:12  Zergling x4  
  128  11:16  Baneling x8  
  130  11:26  Zergling x2  
  130  11:27  Zergling x4  
  133  11:34  Extractor  
  133  11:38  Extractor  
  131  11:43  Roach  
  131  11:44  Zergling x2  
  131  11:45  Zergling x6  
  131  11:46  Ravager x3  
  140  12:05  Baneling x8  
  140  12:06  Baneling x2  
  140  12:07  Overlord  
  140  12:08  Overlord x4, Roach  
  141  12:23  Roach x6  
  138  12:41  Roach x5  
  111  12:45  Zergling x2  
  111  12:46  Zergling x4  
  79  13:00  Roach x5  
  81  13:13  Roach x3  
  81  13:14  Roach  
  82  13:26  Drone  
  82  13:27  Drone x4  
  80  13:41  Zergling x6  
  79  13:49  Roach x3  
  79  13:54  Overseer  
  85  13:58  Drone x2  
  84  14:13  Drone x2  
  82  14:18  Drone  
  82  14:21  Ravager  
  82  14:22  Ravager x3  
Show
View Real Time Build Order
Export as new Build Order

Narloki Protoss - Winner!

Build Orders: Zealot Archon, Dark Templar Rush 

Get SALT Encoding   

  12  0:01  Probe (Chrono Boost)  
  13  0:11  Probe (Chrono Boost)  
  14  0:18  Pylon  
  14  0:22  Probe (Chrono Boost)  
  15  0:36  Probe (Chrono Boost)  
  15  0:39  Gateway  
  16  0:47  Probe (Chrono Boost)  
  16  0:48  Assimilator  
  17  0:57  Probe (Chrono Boost)  
  18  1:08  Probe (Chrono Boost)  
  19  1:18  Probe (Chrono Boost)  
  20  1:31  Cybernetics Core  
  20  1:33  Pylon  
  20  1:35  Probe (Chrono Boost)  
  20  1:37  Assimilator  
  21  2:00  Nexus  
  21  2:03  Probe (Chrono Boost)  
  21  2:07  Adept (Chrono Boost)  
  24  2:10  Warp Gate  
  24  2:13  Probe (Chrono Boost)  
  25  2:33  Pylon  
  25  2:34  Adept (Chrono Boost)  
  27  2:44  Probe (Chrono Boost)  
  28  2:55  Twilight Council  
  28  2:56  Probe (Chrono Boost)  
  29  3:03  Gateway  
  29  3:06  Probe (Chrono Boost)  
  29  3:07  Pylon  
  31  3:13  Probe (Chrono Boost)  
  31  3:17  Probe (Chrono Boost)  
  32  3:23  Probe (Chrono Boost)  
  33  3:27  Probe (Chrono Boost)  
  33  3:32  Robotics Facility  
  33  3:34  Probe (Chrono Boost)  
  35  3:39  Dark Shrine  
  35  3:48  Probe x2 (Chrono Boost)  
  37  3:58  Probe (Chrono Boost)  
  37  4:02  Gateway  
  39  4:03  Probe (Chrono Boost)  
  39  4:09  Probe (Chrono Boost)  
  40  4:13  Probe (Chrono Boost)  
  41  4:19  Warp Prism (Chrono Boost), Probe (Chrono Boost)  
  41  4:22  Probe (Chrono Boost), Assimilator  
  45  4:25  Assimilator  
  45  4:30  Probe  
  46  4:31  Mothership Core  
  48  4:42  Probe  
  49  4:51  Probe  
  45  5:07  Dark Templar  
  45  5:08  Dark Templar x2  
  51  5:26  Probe  
  51  5:27  Probe  
  53  5:36  Probe  
  54  5:49  Pylon  
  54  5:53  Pylon  
  54  5:54  Archon  
  54  6:07  Probe  
  55  6:11  Dark Templar  
  55  6:15  Archon  
  55  6:16  Nexus  
  55  6:18  Pylon  
  57  6:19  Gateway x2  
  57  6:20  Gateway  
  57  6:23  Gateway  
  57  6:25  Gateway  
  57  6:27  Charge (Chrono Boost), Gateway  
  57  6:28  Pylon  
  57  6:31  Probe  
  57  6:32  Probe  
  59  6:41  Probe  
  59  6:44  Probe  
  61  7:05  Probe  
  61  7:06  Probe  
  63  7:12  Pylon  
  63  7:15  Probe  
  59  7:18  Probe  
  59  7:19  Pylon  
  61  7:23  Dark Templar x2  
  61  7:24  Dark Templar x2, Pylon  
  61  7:25  Dark Templar x2  
  61  7:27  Zealot x2, Pylon  
  61  7:28  Archon x3  
  77  7:30  Probe  
  77  7:35  Probe x2  
  78  7:42  Probe  
  81  7:46  Probe  
  81  7:47  Dark Templar x2  
  86  7:51  Archon  
  86  7:52  Probe  
  86  7:54  Probe  
  86  7:56  Probe  
  89  7:59  Pylon  
  89  8:00  Zealot x2  
  89  8:01  Zealot  
  95  8:07  Pylon  
  95  8:09  Pylon  
  77  8:33  Zealot x2  
  77  8:34  Zealot x5  
  91  8:47  Zealot  
  93  9:00  Zealot x6  
  93  9:01  Zealot  
  99  9:42  Zealot x6  
  99  9:43  Zealot  
  99  9:44  Zealot  
  101  9:56  Gateway  
  101  9:58  Gateway  
  89  10:03  Zealot x2  
  89  10:04  Zealot x6  
  89  10:05  Zealot  
  103  10:08  Gateway  
  103  10:11  Gateway  
  101  10:14  Gateway  
  101  10:18  Forge  
  101  10:19  Forge  
  101  10:21  Pylon  
  93  10:27  Dark Templar x2  
  93  10:28  Dark Templar x4  
  91  10:29  Dark Templar x2  
  91  10:30  Zealot  
  91  10:31  Archon  
  91  10:32  Archon x2  
  91  10:33  Archon  
  87  10:41  Assimilator  
  83  10:45  Assimilator  
  83  10:49  Pylon  
  83  10:51  Pylon  
  83  10:54  Pylon  
  83  11:00  Zealot x6  
  83  11:01  Zealot x4  
  103  11:13  Protoss Ground Weapons Level 1 (Chrono Boost), Protoss Shields Level 1 (Chrono Boost)  
  103  11:25  Dark Templar x3  
  105  11:26  Dark Templar  
  105  11:27  Zealot x4  
  105  11:29  Nexus, Archon  
  105  11:30  Archon  
  105  11:31  Pylon  
  119  12:04  Zealot x5  
  119  12:05  Zealot x6  
  141  12:12  Zealot  
  141  12:13  Zealot x2  
  141  12:29  Dark Templar  
  137  12:30  Dark Templar x3  
  137  12:31  Dark Templar x3  
  137  12:32  Dark Templar  
  119  12:45  Archon x3  
  119  12:46  Archon  
  119  12:48  Zealot  
  119  12:49  Zealot x5  
  107  13:05  Zealot x2  
  107  13:06  Zealot x5  
  119  13:26  Nexus  
  117  13:29  Protoss Ground Armor Level 1 (Chrono Boost)  
  117  13:39  Dark Templar  
  117  13:40  Dark Templar  
  103  14:20  Dark Templar x4  
  103  14:21  Dark Templar x2, Zealot  
  103  14:22  Zealot x5  
  127  14:25  Archon x2  
  127  14:26  Archon  
  127  14:52  Zealot  
  127  14:53  Zealot x3  
  127  14:56  Zealot x3  
Tags
 
Add a new tag
Caveats
  • Supply blocks, unpowered buildings, or Contaminate may cause inaccurate times.
  • Supply counts are checked every 10 seconds.